3AA
SPRINGFIELD SHOOTERS @ FT. POLK SOUTH THUNDER HAWKS
09/13/2027
 
TOP OF THE 1ST
Springfield Shooters batting - Pitching for Ft. Polk South Thunder Hawks : RHP Louis McDowell
Pitching: RHP Louis McDowell
Batting: SHB Benedict Patel 0-0: Called Strike
0-1: Ball
1-1: Ball
2-1: Swinging Strike
2-2: Foul Ball, location: 2F
2-2: Strikes out looking
Batting: RHB Carlos Cardona 0-0: Foul Ball, location: 2F
0-1: SINGLE (Line Drive, 78S)
Batting: LHB Daniel Faraday 0-0: Ball
1-0: Ball
2-0: Called Strike
2-1: Called Strike
2-2: Ball
3-2: Fly out, F8 (Flyball, 8RD)
Batting: RHB Gabrio Campoverde 0-0: Swinging Strike
0-1: Ball
1-1: Swinging Strike
1-2: Strikes out swinging
Top of the 1st over - 0 run(s), 1 hit(s), 0 error(s), 1 left on base; Springfield 0 - Ft. Polk South 0
BOTTOM OF THE 1ST
Ft. Polk South Thunder Hawks batting - Pitching for Springfield Shooters : RHP Atila Freska
Pitching: RHP Atila Freska
Batting: RHB Jorge Flores 0-0: Fly out, F3 (Line Drive, 3)
Batting: RHB Jesús Torres 0-0: Foul Ball, location: 2F
0-1: Ball
1-1: Foul Ball, location: 2F
1-2: Strikes out looking
Batting: RHB Walt Shelton 0-0: Fly out, F8 (Flyball, 8RM)
Bottom of the 1st over - 0 run(s), 0 hit(s), 0 error(s), 0 left on base; Springfield 0 - Ft. Polk South 0
TOP OF THE 2ND
Springfield Shooters batting - Pitching for Ft. Polk South Thunder Hawks : RHP Louis McDowell
Batting: LHB Guillermo Castro 0-0: Called Strike
0-1: Fly out, F2 (Popup, 15S)
Batting: RHB Esteban Alvarado 0-0: Foul Ball, location: 2F
0-1: Ball
1-1: Ground out 6-3 (Groundball, 6)
Batting: RHB Javier Vásquez 0-0: Ball
1-0: Called Strike
1-1: Swinging Strike
1-2: Strikes out swinging
Top of the 2nd over - 0 run(s), 0 hit(s), 0 error(s), 0 left on base; Springfield 0 - Ft. Polk South 0
BOTTOM OF THE 2ND
Ft. Polk South Thunder Hawks batting - Pitching for Springfield Shooters : RHP Atila Freska
Batting: RHB José Morín 0-0: Called Strike
0-1: Called Strike
0-2: Ball
1-2: Ball
2-2: Strikes out looking
Batting: SHB Lowell Mullins 0-0: Called Strike
0-1: Foul Ball, location: 2F
0-2: Ball
1-2: Foul Ball, location: 2F
1-2: Ball
2-2: SINGLE (Groundball, 4MD)
Batting: RHB Peter Agulera 0-0: Ball
1-0: Called Strike
1-1: Foul Ball, location: 2F
1-2: Ground out 5-3 (Groundball, 56S)
Lowell Mullins to second
Batting: RHB David Phipps 0-0: Foul Ball, location: 2F
0-1: Foul Ball, location: 2F
0-2: Ball
1-2: Strikes out looking
Bottom of the 2nd over - 0 run(s), 1 hit(s), 0 error(s), 1 left on base; Springfield 0 - Ft. Polk South 0
TOP OF THE 3RD
Springfield Shooters batting - Pitching for Ft. Polk South Thunder Hawks : RHP Louis McDowell
Batting: RHB Willis Kirkendall 0-0: Foul Ball, location: 2F
0-1: Ball
1-1: Ball
2-1: Foul Ball, location: 2F
2-2: Ball
3-2: DOUBLE (Flyball, 8RXD)
Pinch Runner at 2nd Sergio Delgado:
Batting: RHB Francisco Gonzáles 0-0: Called Strike
0-1: Swinging Strike
0-2: Strikes out swinging
Batting: SHB Benedict Patel 0-0: Ball
1-0: Swinging Strike
1-1: Called Strike
1-2: Ball
2-2: Strikes out swinging
Batting: RHB Carlos Cardona 0-0: Ball
1-0: Swinging Strike
1-1: SINGLE (Line Drive, 6D)
Sergio Delgado to third
Runner from 3rd tries for Home, SAFE, no throw
Batting: LHB Daniel Faraday 0-0: Ball
1-0: Ball
2-0: Ball
3-0: Base on Balls
Carlos Cardona to second
Batting: RHB Gabrio Campoverde 0-0: Ball
1-0: Foul Ball, location: 2F
1-1: Ball
2-1: Ground out 5-3 (Groundball, 56)
Top of the 3rd over - 1 run(s), 2 hit(s), 0 error(s), 2 left on base; Springfield 1 - Ft. Polk South 0
BOTTOM OF THE 3RD
Ft. Polk South Thunder Hawks batting - Pitching for Springfield Shooters : RHP Atila Freska
Now at 3B: Sergio Delgado
Batting: RHB Gregory Shankland 0-0: Called Strike
0-1: Swinging Strike
0-2: Ball
1-2: Strikes out looking
Batting: RHB Augusto Escobar 0-0: Ground out 6-3 (Groundball, 6S)
Batting: RHB Jorge Flores 0-0: Ball
1-0: Called Strike
1-1: Foul Ball, location: 2F
1-2: Ball
2-2: Foul Ball, location: 2F
2-2: Strikes out swinging
Bottom of the 3rd over - 0 run(s), 0 hit(s), 0 error(s), 0 left on base; Springfield 1 - Ft. Polk South 0
TOP OF THE 4TH
Springfield Shooters batting - Pitching for Ft. Polk South Thunder Hawks : RHP Louis McDowell
Batting: LHB Guillermo Castro 0-0: Called Strike
0-1: Called Strike
0-2: Ball
1-2: Strikes out swinging
Batting: RHB Esteban Alvarado 0-0: Called Strike
0-1: Foul Ball, location: 2F
0-2: Foul Ball, location: 2F
0-2: Ball
1-2: Fly out, F4 (Popup, 34D)
Batting: RHB Javier Vásquez 0-0: Called Strike
0-1: Foul Ball, location: 2F
0-2: Ground out 1-3 (Groundball, P)
Top of the 4th over - 0 run(s), 0 hit(s), 0 error(s), 0 left on base; Springfield 1 - Ft. Polk South 0
BOTTOM OF THE 4TH
Ft. Polk South Thunder Hawks batting - Pitching for Springfield Shooters : RHP Atila Freska
Batting: RHB Jesús Torres 0-0: Called Strike
0-1: Fly out, F4 (Popup, 3D)
Batting: RHB Walt Shelton 0-0: Foul Ball, location: 2F
0-1: Ground out 1-3 (Groundball, 13)
Batting: RHB José Morín 0-0: Swinging Strike
0-1: Foul Ball, location: 2F
0-2: Ground out 5-3 (Groundball, 56)
Bottom of the 4th over - 0 run(s), 0 hit(s), 0 error(s), 0 left on base; Springfield 1 - Ft. Polk South 0
TOP OF THE 5TH
Springfield Shooters batting - Pitching for Ft. Polk South Thunder Hawks : RHP Louis McDowell
Batting: RHB Sergio Delgado 0-0: Called Strike
0-1: Called Strike
0-2: Strikes out swinging
Batting: RHB Francisco Gonzáles 0-0: Ball
1-0: Swinging Strike
1-1: Foul Ball, location: 2F
1-2: Strikes out swinging
Batting: SHB Benedict Patel 0-0: Swinging Strike
0-1: Fly out, F7 (Flyball, 7)
Top of the 5th over - 0 run(s), 0 hit(s), 0 error(s), 0 left on base; Springfield 1 - Ft. Polk South 0
BOTTOM OF THE 5TH
Ft. Polk South Thunder Hawks batting - Pitching for Springfield Shooters : RHP Atila Freska
Batting: SHB Lowell Mullins 0-0: Called Strike
0-1: Ball
1-1: SINGLE (Flyball, 78S)
Batting: RHB Peter Agulera 0-0: Sac Bunt - play at first, batter OUT! 2-4
Lowell Mullins to second
Batting: RHB David Phipps 0-0: Foul Ball, location: 2F
0-1: Ground out 5-3 (Groundball, 56S)
Lowell Mullins to third
Batting: RHB Gregory Shankland 0-0: Ball
1-0: Fly out, F7 (Flyball, 78D)
Bottom of the 5th over - 0 run(s), 1 hit(s), 0 error(s), 1 left on base; Springfield 1 - Ft. Polk South 0
TOP OF THE 6TH
Springfield Shooters batting - Pitching for Ft. Polk South Thunder Hawks : RHP Louis McDowell
Batting: RHB Carlos Cardona 0-0: Swinging Strike
0-1: Foul Ball, location: 2F
0-2: Ball
1-2: Fly out, F8 (Flyball, 8LD)
Batting: LHB Daniel Faraday 0-0: Ball
1-0: Ball
2-0: Foul Ball, location: 2F
2-1: Fly out, F6 (Popup, 56D)
Batting: RHB Gabrio Campoverde 0-0: Foul Ball, location: 2F
0-1: Ball
1-1: Called Strike
1-2: Strikes out swinging
Top of the 6th over - 0 run(s), 0 hit(s), 0 error(s), 0 left on base; Springfield 1 - Ft. Polk South 0
BOTTOM OF THE 6TH
Ft. Polk South Thunder Hawks batting - Pitching for Springfield Shooters : RHP Atila Freska
Batting: RHB Augusto Escobar 0-0: Ball
1-0: Foul Ball, location: 2F
1-1: Foul Ball, location: 2F
1-2: DOUBLE (Line Drive, 8LD)
Batting: RHB Jorge Flores 0-0: Ball
1-0: Ball
2-0: Ground out 1-3 (Groundball, P)
Augusto Escobar to third
Batting: RHB Jesús Torres 0-0: Squeeze Bunt - play home, runner OUT, batter safe! 1-2
Batting: RHB Walt Shelton 0-0: Ball
1-0: Ball
2-0: Fielders Choice at 2nd, 4-6 (Groundball, 4)
Bottom of the 6th over - 0 run(s), 1 hit(s), 0 error(s), 0 left on base; Springfield 1 - Ft. Polk South 0
TOP OF THE 7TH
Springfield Shooters batting - Pitching for Ft. Polk South Thunder Hawks : RHP Louis McDowell
Batting: LHB Guillermo Castro 0-0: Ball
1-0: Ball
2-0: Ball
3-0: Base on Balls
Batting: RHB Esteban Alvarado 0-0: Swinging Strike
0-1: Fly out, F8 (Flyball, 8LS)
Pinch Hitting: LHB Shahid Afridi 0-0: Called Strike
0-1: Ball
1-1: Called Strike
1-2: Foul Ball, location: 2F
1-2: Foul Ball, location: 2F
1-2: Foul Ball, location: 2F
1-2: Foul Ball, location: 2F
1-2: Strikes out looking
Pinch Hitting: RHB Roberto Alonzo 0-0: Ball
1-0: Ball
2-0: Ball
3-0: Base on Balls
Guillermo Castro to second
Pinch Hitting: LHB Walter Roda 0-0: Foul Ball, location: 2F
0-1: Foul Ball, location: 2F
0-2: Ball
1-2: Strikes out swinging
Top of the 7th over - 0 run(s), 0 hit(s), 0 error(s), 2 left on base; Springfield 1 - Ft. Polk South 0
BOTTOM OF THE 7TH
Ft. Polk South Thunder Hawks batting - Pitching for Springfield Shooters : RHP Atila Freska
Now at 2B: Héctor Álvarez
Now at 3B: Walter Roda
Now at SS: Johnny Bryant
Batting: RHB José Morín 0-0: SINGLE (Line Drive, 4MD)
Pinch Hitting: LHB Jim Unknown 0-0: Ball
1-0: Ball
2-0: Fielders Choice at 2nd, 4-6 (Groundball, 4)
Batting: RHB Peter Agulera 0-0: Called Strike
0-1: Called Strike
0-2: Strikes out swinging
Batting: RHB David Phipps 0-0: Ball
1-0: Fly out, F7 (Line Drive, 78D)
Bottom of the 7th over - 0 run(s), 1 hit(s), 0 error(s), 1 left on base; Springfield 1 - Ft. Polk South 0
TOP OF THE 8TH
Springfield Shooters batting - Pitching for Ft. Polk South Thunder Hawks : RHP Louis McDowell
Now at 1B: Jim Unknown
Batting: SHB Benedict Patel 0-0: Called Strike
0-1: Fly out, F8 (Flyball, 78S)
Batting: RHB Carlos Cardona 0-0: Called Strike
0-1: Ball
1-1: Swinging Strike
1-2: Ball
2-2: Foul Ball, location: 2F
2-2: Foul Ball, location: 2F
2-2: Strikes out swinging
Batting: LHB Daniel Faraday 0-0: Called Strike
0-1: Foul Ball, location: 2F
0-2: Ball
1-2: Foul Ball, location: 2F
1-2: Ball
2-2: Ground out 6-3 (Groundball, 56)
Top of the 8th over - 0 run(s), 0 hit(s), 0 error(s), 0 left on base; Springfield 1 - Ft. Polk South 0
BOTTOM OF THE 8TH
Ft. Polk South Thunder Hawks batting - Pitching for Springfield Shooters : RHP Atila Freska
Now in RF: Lee Allen
Batting: RHB Gregory Shankland 0-0: Called Strike
0-1: Ball
1-1: Ball
2-1: Foul Ball, location: 2F
2-2: Ball
3-2: Foul Ball, location: 2F
3-2: Foul Ball, location: 2F
3-2: Foul Ball, location: 2F
3-2: Fly out, F8 (Flyball, 8LS)
Batting: RHB Augusto Escobar 0-0: Ball
1-0: Foul Ball, location: 2F
1-1: Ground out 5-3 (Groundball, 5L)
Batting: RHB Jorge Flores 0-0: Ball
1-0: Called Strike
1-1: Ball
2-1: Called Strike
2-2: Ball
3-2: Base on Balls
Pinch Hitting: RHB César Villarreal 0-0: Fielders Choice at 2nd, 6-4 (Groundball, 56)
Bottom of the 8th over - 0 run(s), 0 hit(s), 0 error(s), 0 left on base; Springfield 1 - Ft. Polk South 0
TOP OF THE 9TH
Springfield Shooters batting - Pitching for Ft. Polk South Thunder Hawks : RHP Louis McDowell
Pitching: RHP Rubén Sánchez
Now in LF: César Villarreal
Batting: RHB Gabrio Campoverde 0-0: Called Strike
0-1: Swinging Strike
0-2: SINGLE (Line Drive, 56D)
Batting: LHB Guillermo Castro 0-0: Ball
1-0: Swinging Strike
1-1: Foul Ball, location: 2F
1-2: Strikes out looking
Batting: RHB Esteban Alvarado 0-0: Called Strike
0-1: Ball
1-1: Ball
2-1: Called Strike
2-2: SINGLE (Groundball, 6D)
Gabrio Campoverde to second
Batting: RHB Johnny Bryant 0-0: Foul Ball, location: 2F
0-1: Ball
1-1: Called Strike
1-2: SINGLE (Groundball, 34D)
Gabrio Campoverde to third
Esteban Alvarado to second
Runner from 3rd tries for Home, SAFE, no throw
Pinch Hitting: RHB Javier De Jesús 0-0: Ball
1-0: Ground out 5-3 (Groundball, 56S)
Esteban Alvarado to third
Johnny Bryant to second
Batting: LHB Walter Roda 0-0: Ball
1-0: SINGLE (Groundball, 4MD)
Esteban Alvarado scores
Johnny Bryant to third
Runner from 3rd tries for Home, SAFE, no throw
Pitching: RHP Gil Reeves
Batting: RHB Lee Allen 0-0: Called Strike
0-1: Called Strike
0-2: Foul Ball, location: 2F
0-2: Ball
1-2: Ball
2-2: Ball
3-2: Base on Balls
Walter Roda to second
Batting: RHB Carlos Cardona 0-0: Foul Ball, location: 2F
0-1: Fly out, F4 (Popup, 4)
Top of the 9th over - 3 run(s), 4 hit(s), 0 error(s), 2 left on base; Springfield 4 - Ft. Polk South 0
BOTTOM OF THE 9TH
Ft. Polk South Thunder Hawks batting - Pitching for Springfield Shooters : RHP Atila Freska
Now at 2B: Tony Cantú
Batting: RHB Walt Shelton 0-0: Ground out 6-3 (Groundball, 6D)
Batting: RHB José Morín 0-0: Fly out, F8 (Flyball, 8RD)
Batting: LHB Jim Unknown 0-0: Foul Ball, location: 2F
0-1: Fly out, F8 (Flyball, 78S)
Bottom of the 9th over - 0 run(s), 0 hit(s), 0 error(s), 0 left on base; Springfield 4 - Ft. Polk South 0
Saturday, May 26th, 2018 - OOTP Baseball 17.12 Build 75